Map: 2000 Atmospheres LE

Players

A.I. 1 (Very Easy) - Winner!

  • Race: Protoss Protoss
  • Spawn Location: 7:00

llllllllllll

  • Race: Protoss Protoss
  • League: Grandmaster
  • Spawn Location: 3:00

VOD

Have the link to the VOD?

Description

Time

  • Played on: Oct. 8, 2021, 4:09 a.m.
  • Length: 3:46
Show
View Real Time Build Order
Export as new Build Order

A.I. 1 (Very Easy) Protoss - Winner!

Build Orders:  

Get SALT Encoding   

  12  0:00  Probe  
  13  0:13  Probe  
  14  0:19  Pylon  
  14  0:36  Assimilator  
  14  0:43  Gateway  
  14  0:46  Pylon  
  14  1:16  Assimilator  
  14  1:23  Probe  
  14  1:31  Probe  
  15  1:33  Cybernetics Core, Zealot  
  15  1:39  Probe  
  19  1:50  Probe  
  20  1:59  Warp Gate  
  20  2:00  Probe  
  20  2:08  Probe  
  22  2:42  Stalker  
Show
View Real Time Build Order
Export as new Build Order

llllllllllll Protoss 

Build Orders: Phoenix Opening 

Get SALT Encoding   

  12  0:00  Probe  
  13  0:12  Probe  
  14  0:17  Pylon  
  14  0:24  Probe (Chrono Boost)  
  15  0:36  Probe (Chrono Boost)  
  15  0:37  Gateway  
  16  0:45  Probe (Chrono Boost)  
  16  0:46  Assimilator  
  17  0:51  Probe  
  18  0:58  Assimilator  
  18  1:03  Probe (Chrono Boost)  
  19  1:08  Gateway  
  19  1:12  Probe (Chrono Boost)  
  19  1:17  Probe (Chrono Boost)  
  20  1:25  Cybernetics Core  
  21  1:29  Probe  
  22  1:34  Pylon  
  22  1:41  Probe  
  23  1:53  Probe  
  24  2:00  Warp Gate (Chrono Boost)  
  26  2:01  Stalker, Sentry  
  28  2:13  Pylon  
  28  2:22  Pylon  
  28  2:31  Stalker  
  28  2:32  Stalker  
  32  2:37  Phoenix  
  32  2:48  Nexus  
  32  2:55  Shield Battery  
  32  3:00  Probe  
  32  3:02  Sentry  
  35  3:06  Sentry  
  35  3:10  Pylon  
  37  3:13  Probe  
  38  3:25  Probe  
  39  3:40  Stalker  
  39  3:41  Stalker  
Tags
 
Add a new tag
Caveats
  • Supply blocks, unpowered buildings, or Contaminate may cause inaccurate times.
  • Supply counts are checked every 10 seconds.